 Dungeon Crawl Stone Soup version 0.27.1-3-gb3d3a73c9e (webtiles) character file.

Game seed: 7616469646576939002

219 Trumpetguy the Ducker (level 5, -4/39 HPs)
             Began as a Merfolk Ice Elementalist on Oct 12, 2021.
             Slain by Menkaure (19 damage)
             ... on level 4 of the Dungeon.
             The game lasted 00:29:28 (5250 turns).

Trumpetguy the Ducker (Merfolk Ice Elementalist)    Turns: 5250, Time: 00:29:28

Health: -4/39      AC:  4    Str:  8      XL:     5   Next: 96%
Magic:  8/8        EV: 13    Int: 13 (16) God:
Gold:   153        SH:  0    Dex: 13 (14) Spells: 7/8 levels left

rFire    . . .     SeeInvis +   c - +0 trident
rCold    . . .     Faith    .   (no shield)
rNeg     . . .     Spirit   .   d - +0 leather armour
rPois    .         Reflect  .   (no helmet)
rElec    .         Harm     .   (no cloak)
rCorr    .         Rampage  .   k - +0 pair of gloves
Will     +....                  (no boots)
Stlth    ++........             (no amulet)
HPRegen  0.13/turn              (no ring)
MPRegen  0.11/turn              (no ring)

@: no status effects
A: (nimble swimmer 2), mertail, iridescent scales 1, see invisible, deformed
body, strong-willed 1
a: no special abilities


You were on level 4 of the Dungeon.
You visited 1 branch of the dungeon, and saw 4 of its levels.
You also visited: Sewer.

You collected 153 gold pieces.

Inventory:

Hand Weapons
 b - a +2 dagger of freezing
 c - a +0 trident (weapon)
Missiles
 g - 3 atropa-tipped darts
Armour
 a - a +0 robe
 d - a +0 leather armour (worn)
 k - a +0 pair of gloves (worn)
Scrolls
 e - a scroll of teleportation
 f - a scroll of holy word {unknown}
 h - a scroll of immolation {unknown}
 i - a scroll of vulnerability {unknown}
 o - a scroll of blinking {unknown}
 p - a scroll of summoning {unknown}
 r - a scroll of enchant armour {unknown}
 s - a scroll of fog {unknown}
Potions
 l - a potion of cancellation
 n - a potion of brilliance
 u - a potion of magic {unknown}


   Skills:
 - Level 2.3 Fighting
 * Level 5.0 Dodging
 * Level 4.7 Stealth
 - Level 2.0 Spellcasting
 * Level 4.7 Ice Magic


You had 7 spell levels left.
You knew the following spells:

 Your Spells              Type           Power      Damage    Failure   Level
a - Freeze                Ice            52%        1d7       5%          1

Your spell library contained the following spells:

 Spells                   Type           Power      Damage    Failure   Level
 Frozen Ramparts          Ice            26%        1d4       16%         3
 Ozocubu's Armour         Ice            13%        N/A       16%         3
 Hailstorm                Conj/Ice       7%         3d4       80%         4


Dungeon Overview and Level Annotations

Branches:
Dungeon (4/15)              Sewer (visited)
 Temple: D:4-7

Altars:

Annotations:
D:2 Sigmund
D:4 Menkaure, Pikel


Innate Abilities, Weirdness & Mutations

((You are quick and stealthy near water. (Stealth+, EV+, Speed+++)))
Your lower body shifts to a powerful aquatic tail in water.
You are partially covered in iridescent scales. (AC +2)
You have supernaturally acute eyesight. (SInv)
Armour fits poorly on your strangely shaped body.
You are strong-willed. (Will+)


Message History

Menkaure is moderately damaged.
Menkaure barely misses you.
You barely miss Menkaure.
Menkaure is moderately damaged.
Menkaure closely misses you.
You hit Menkaure but do no damage.
Menkaure is moderately damaged.
Menkaure hits you. Menkaure barely misses you.
You hit Menkaure but do no damage.
Menkaure is moderately damaged.
Menkaure barely misses you.
You hit Menkaure but do no damage.
Menkaure is moderately damaged.
Menkaure hits you!!
Ouch! That really hurt!
Press: ? - help, v - describe, . - travel
Here: Menkaure (moderately damaged)
The floor.
Menkaure is nearby!
You hit Menkaure.
Menkaure is heavily damaged.
Menkaure closely misses you.
You closely miss Menkaure.
Menkaure is heavily damaged.
Menkaure casts a spell at you. You resist with some effort.
You hit Menkaure.
Menkaure is heavily damaged.
Menkaure barely misses you.
You hit Menkaure.
Menkaure is severely damaged.
Menkaure closely misses you.
You hit Menkaure.
Menkaure is severely damaged.
Menkaure casts a spell.
Menkaure seems to speed up.
You hit Menkaure.
Menkaure is almost destroyed.
Menkaure hits you!!
You die...

+ + # # # # #.
# #.######### #
.#.##..........
# ......M@..# #
?..##.###.# # #
# # # # #


You could see Menkaure (fast).

Vanquished Creatures
  A scorpion (D:3)
  6 adders
  2 worms
  3 dart slugs
  10 ball pythons
  2 bats
  3 endoplasms (D:2)
  7 giant cockroaches
  5 goblins
  3 hobgoblins
  15 jackals
  2 quokkas
  7 frilled lizards
  16 kobolds
  3 rats
85 creatures vanquished.

Vanquished Creatures (others)
  23 plants (Sewer)
23 creatures vanquished.

Grand Total: 108 creatures vanquished

Notes
Turn   | Place    | Note
-------+----------+-------------------------------------------
     0 | D:1      | Trumpetguy the Merfolk Ice Elementalist began the quest for
                  | the Orb.
     0 | D:1      | Reached XP level 1. HP: 13/13 MP: 3/3
   184 | D:1      | Reached skill level 3 in Dodging
   184 | D:1      | Reached XP level 2. HP: 20/20 MP: 1/5
   246 | D:1      | Reached skill level 1 in Fighting
   717 | D:1      | Reached XP level 3. HP: 26/26 MP: 3/6
  2112 | D:2      | Reached XP level 4. HP: 25/33 MP: 7/7
  2240 | D:2      | Found a faded altar of an unknown god.
  2316 | D:2      | Reached skill level 4 in Dodging
  2428 | D:3      | Noticed Sigmund
  2450 | D:3      | Noticed a scorpion
  2616 | D:4      | Found a glowing drain.
  2858 | Sewer    | Entered a sewer
  3256 | Sewer    | Reached XP level 5. HP: 37/38 MP: 8/8
  3845 | D:4      | Noticed a lemure
  3845 | D:4      | Noticed a lemure
  3857 | D:4      | Noticed a lemure
  3860 | D:4      | Noticed Pikel
  3939 | D:2      | Gained mutation: You are strong-willed. (Will+) [potion of
                  | mutation]
  3939 | D:2      | Gained mutation: You are partially covered in iridescent
                  | scales. (AC +2) [potion of mutation]
  3939 | D:2      | Gained mutation: Armour fits poorly on your strangely
                  | shaped body. [potion of mutation]
  3939 | D:2      | Gained mutation: You have supernaturally acute eyesight.
                  | (SInv) [potion of mutation]
  4649 | D:3      | Reached skill level 5 in Dodging
  5237 | D:4      | Noticed Menkaure
  5250 | D:4      | Slain by Menkaure

Illustrated notes

Levels and vault maps discovered:
D:1:      eino_arrival_cavern_b, layout_basic
D:2:      layout_loops_ring, ebering_ecumenical_altar_hall
D:3:      layout_rooms, uniq_sigmund
D:4:      layout_loops_ring, mainiacjoe_overflow_alcove_4, portal_sewer_entry_d,
          uniq_crazy_yiuf_cottage, uniq_robin, uniq_menkaure, uniq_pikel

Skill      XL: |  1  2  3  4  5 |
---------------+----------------+-----
Dodging        | 3 4 5 |  5.0
Fighting       | 1 2 |  2.3
Stealth        | 3 4 |  4.7
Spellcasting   | |  2.0
Ice Magic      | |  4.7

Action                   |  1- 3 |  4- 6 || total
-------------------------+-------+-------++-------
Melee: Short sword       |     1 |       ||     1
       Spear             |    94 |   168 ||   262
       Tailslap          |       |     9 ||     9
       Dagger            |       |    25 ||    25
       Trident           |       |    12 ||    12
 Cast: Freeze            |    31 |    41 ||    72
  Use: Potion            |       |     6 ||     6
       Scroll            |       |     3 ||     3
 Stab: Sleeping          |     5 |    13 ||    18
       Distracted        |     1 |     2 ||     3
Armor: Robe              |     5 |       ||     5
       Leather armour    |    31 |    48 ||    79
Dodge: Dodged            |    62 |   171 ||   233
